 Dungeon Crawl Stone Soup version 0.29-a0-993-g4a18f31a58 (webtiles) character file.

Game seed: 15720388142577805210

18 flotson the Sneak (level 2, -1/24 HPs)
             Began as a Demonspawn Delver on Aug 2, 2022.
             Slain by a gnoll sergeant
             ... wielding a +0 trident of protection
              (10 damage)
             ... on level 5 of the Dungeon.
             The game lasted 00:00:48 (131 turns).

flotson the Sneak (Demonspawn Delver)                Turns: 131, Time: 00:00:49

Health: -1/24      AC:  9    Str: 12    XL:     2   Next: 51%
Magic:  2/2        EV: 12    Int: 11    God:
Gold:   0          SH:  0    Dex: 14    Spells: 1/1 levels left

rFire   . . .      SeeInvis .   a - +0 spear
rCold   . . .      Faith    .   (no shield)
rNeg    . . .      Spirit   .   b - +0 leather armour
rPois   .          Reflect  .   (no helmet)
rElec   .          Harm     .   (no cloak)
rCorr   .          Rampage  .   (no gloves)
Will    .....                   (no boots)
Stlth   ++........              (no amulet)
HPRegen 0.08/turn               (no ring)
MPRegen 0.08/turn               (no ring)

@: sanguine armoured
A: sanguine armour 1
a: no special abilities


You were on level 5 of the Dungeon.
You visited 1 branch of the dungeon, and saw 1 of its levels.

Inventory:

Hand Weapons
 a - a +0 spear (weapon)
Armour
 b - a +0 leather armour (worn)
Wands
 g - a wand of digging (3)
Scrolls
 c - a scroll of fog


   Skills:
 + Level 3.2 Fighting
 - Level 1.7 Polearms
 + Level 0.8 Armour
 + Level 2.1 Dodging
 - Level 4.5 Stealth
 + Level 0.9 Evocations


You had one spell level left.
You didn't know any spells.
Your spell library was empty.

Dungeon Overview and Level Annotations

Branches:
Dungeon (5/15)
 Temple: D:4-7

Altars:


Innate Abilities, Weirdness & Mutations

When seriously injured, your blood forms armour. (AC +6)


Message History

The adder is almost dead.
You feel sick. The adder bites you but does no damage.
You closely miss the adder.
The adder is almost dead.
You feel sick. The adder misses you.
You hit the adder.
You kill the adder!
You start resting.
You feel sick. x2
You are no longer poisoned.
You start resting.
Your extra speed is starting to run out.
You start resting.
You feel yourself slow down.
You start resting.
A hound comes into view.
You start resting.
A hound is nearby!
The hound barks!
As you read the scroll of magic mapping, it crumbles to dust.
You feel aware of your surroundings.
You sensed 2 altars.
You aren't carrying any potions.
As you read the scroll of fear, it crumbles to dust.
You assume a fearsome visage.
The hound looks frightened!
A gnoll comes into view. It is wielding a +0 spear.
A gnoll sergeant and a gnoll come into view.
The gnoll sergeant is wielding a +0 trident of protection.
The gnoll shouts!
The gnoll sergeant shouts!
You hear a shout!
The gnoll shouts!
You hear a shout! x2
An orc comes into view. It is wielding a +0 dagger.
A gnoll comes into view. It is wielding a +0 whip.
An orc comes into view. It is wielding a +0 trident.
An orc comes into view. It is wielding a +0 club.
You hear a shout!
You hear an angry hiss.
An orc comes into view. It is wielding a +0 whip.
The gnoll throws a throwing net.
The throwing net barely misses you.
You see here a throwing net.
Found a stone staircase leading up.
A gnoll comes into view. It is wielding a +0 club.
The gnoll sergeant hits you from afar with a +0 trident of protection!
You die...

,,,,,,,,,,,,,,,,.....#......h## *
,,,,,,,,,...................## *
,,,,,,,,,.....<.............## **
,,,,,,,,,....................###,
,,,,,,,,,,,......................
,,,,,,,,,,,,............####.....
,,,,,,,,..***#..........## *##...
,,,,,,,,..#* *#...####...## *#..
,,,,,,,,...#####@#* ##...## *#..
,,,,,,,,....oog..# ##h..###...
,,,,,,,,......g..# ##.......#
,,,,,,,,o....g.g## ##.....##
,***,,,,........# ##...##*
,,****,,........##### ###....##
,,,* **>............#####.......#
,,,* *,...................###...
,,,** *,.g....###########..# *###


You could see a gnoll sergeant, 3 gnolls and 2 orcs.

Vanquished Creatures
  2 adders (D:5)
2 creatures vanquished.

Notes
Turn   | Place    | Note
-------+----------+-------------------------------------------
     0 | D:5      | flotson the Demonspawn Delver began the quest for the Orb.
     0 | D:5      | Reached XP level 1. HP: 18/18 MP: 1/1
    33 | D:5      | Gained mutation: When seriously injured, your blood forms
                  | armour. (AC +6) [demonic ancestry]
    33 | D:5      | Reached XP level 2. HP: 7/24 MP: 2/2
   124 | D:5      | Noticed a gnoll sergeant
   131 | D:5      | Slain by a gnoll sergeant

Illustrated notes

Levels and vault maps discovered:
D:5:      layout_layer_cave, kennysheep_little_box, nemelex_diamond_rough_becter

Skill      XL: |  1 |
---------------+----+-----
Dodging        | 2 |  2.1
Fighting       | |  3.2
Polearms       | |  1.7
Armour         | |  0.8
Stealth        | |  4.5
Evocations     | |  0.9

Action                   || total
-------------------------++-------
Melee: Spear             ||    17
  Use: Potion            ||     1
       Scroll            ||     2
Armor: Leather armour    ||     6
Dodge: Dodged            ||     9

Table legend: (Time is in decaauts)
 A = Elapsed time spent in this place.
 B = Non-inter-level travel time spent in this place.
 C = Inter-level travel time spent in this place.
 D = Time resting spent in this place.
 E = Time spent auto-exploring this place.
 F = Levels seen in this place.
 G = Mean time per level.
                   A        B        C        D        E       F      G
               +--------+--------+--------+--------+--------+-----+--------+
         Total |    111 |    111 |      0 |     44 |     13 |   1 |  111.0 |
       Dungeon |    111 |    111 |      0 |     44 |     13 |   1 |  111.0 |
               +--------+--------+--------+--------+--------+-----+--------+

Top non-repeatable levels by time:
     D:5: 111 daAuts
